 Dungeon Crawl Stone Soup version 0.29.1-2-gbd0b4ee654 (webtiles) character file.

Game seed: 15674785251369141882

210 fluff the Cudgeller (level 5, -5/32 HPs)
             Began as a Gargoyle Fighter on Nov 18, 2022.
             Slain by an ogre
             ... wielding a +0 giant club
              (13 damage)
             ... on level 3 of the Dungeon.
             The game lasted 00:12:38 (3021 turns).

fluff the Cudgeller (Gargoyle Fighter)              Turns: 3021, Time: 00:12:39

Health: -5/32      AC: 17    Str: 22    XL:     5   Next: 88%
Magic:  5/5        EV:  6    Int:  8    God:
Gold:   84         SH:  4    Dex:  9    Spells: 4/4 levels left

rFire   . . .      SeeInvis .   a - +0 flail
rCold   . . .      Faith    .   c - +0 buckler
rNeg    + . .      Spirit   .   m - +0 plate armour
rPois   ∞          Reflect  .   (no helmet)
rElec   +          Harm     .   (no cloak)
rCorr   .          Rampage  .   n - +0 pair of gloves
Will    .....                   o - +0 pair of boots
Stlth   ..........              (no amulet)
HPRegen 0.10/turn               (no ring)
MPRegen 0.09/turn               (no ring)

@: no status effects
A: sickness immunity, AC +4, negative energy resistance 1, electricity
resistance, torment resistance 1, petrification resistance
a: no special abilities


You were on level 3 of the Dungeon.
You visited 1 branch of the dungeon, and saw 4 of its levels.

You collected 84 gold pieces.

Inventory:

Hand Weapons
 a - a +0 flail (weapon)
Armour
 b - a +0 scale mail
 c - a +0 buckler (worn)
 m - a +0 plate armour (worn)
 n - a +0 pair of gloves (worn)
 o - a +0 pair of boots (worn)
Jewellery
 j - a ring of ice
 q - a ring of ice
Scrolls
 d - a scroll of teleportation
 p - a scroll of identify {unknown}
 r - a scroll of poison {unknown}
Potions
 e - 2 potions of mutation {unknown}
 f - a potion of degeneration {unknown}
 g - 3 potions of attraction {unknown}
 h - a potion of flight {unknown}
 i - a potion of haste {unknown}
 k - a potion of lignification {unknown}
 l - a potion of cancellation {unknown}


   Skills:
 - Level 3.2 Fighting
 + Level 5.9 Maces & Flails
 - Level 3.2 Armour
 - Level 3.2 Shields


You had 4 spell levels left.
You didn't know any spells.
Your spell library was empty.

Dungeon Overview and Level Annotations

Branches:
Dungeon (4/15)
 Temple: D:4-7

Altars:
Fedhas

Shops:
D:2 ((!

Annotations:
D:3 exclusion: oklob plant


Innate Abilities, Weirdness & Mutations

You are immune to sickness and miasma.
Your stone body is resilient. (AC +4)
You are immune to poison.
You resist negative energy. (rN+)
You are resistant to electric shocks. (rElec)
You are resistant to unholy torment.
You are immune to petrification.


Message History

Where to? (Enter - D:3, ? - help)
You see here a +0 club.
There is a stone staircase leading up here.
You climb upwards.
There is a stone staircase leading down here.
You climb downwards.
Level annotation: exclusion: oklob plant
There is a stone staircase leading up here.
(D) Dungeon
Where to? (Enter - D:2, ? - help)
There is a stone staircase leading down here.
You climb downwards.
The hobgoblin shouts!
You hear a shout!
You hear an angry hiss.
Found 2 gold pieces.
There is a stone staircase leading up here.
A hobgoblin is nearby!
You sock the hobgoblin!
You kill the hobgoblin!
An ogre comes into view. It is wielding a +0 giant club.
You climb upwards.
Level annotation: exclusion: oklob plant
There is a stone staircase leading down here.
You climb downwards.
A goblin comes into view. It is wielding a +0 club.
There is a stone staircase leading up here.
The goblin shouts!
The ogre hits you with a +0 giant club!!
Ouch! That really hurt!
* * * LOW HITPOINT WARNING * * *
The ball python bites you but does no damage.
The ball python closely misses you.
You climb upwards.
Level annotation: exclusion: oklob plant
There is a stone staircase leading down here.
The ball python bites you but does no damage.
The ball python grabs you. The ball python constricts you.
The ogre hits you but does no damage.
You escape the ball python's grasp.
The ogre attacks as you move away! The ogre hits you with a +0 giant club!
You die...

# ####.##PPP.#P.P...P#PPPP###...
#....#.PP#...#PP##.P#P.PP#...#
####.#####PP.P..PP#P##P#PP.P#.#.#
.....# #PPP#####PPPPP#PP.PP#...#
.....## ##### #################
......# #######..#....# .[....#
##..........#### ......#
##...........# ......#
#>.S@.......## ....<.#
#..O........# ......#
#...........#### ..)..##
#..............### ....##
#..[.......###...### #####
####.........## ###...## #
#....).......## ###.#.
#..#..<.......# ####...
##............####......


You could see an ogre and a ball python.

Vanquished Creatures
  A hound (D:2)
  2 orc wizards
  5 adders
  2 worms (D:2)
  A dart slug (D:1)
  4 orcs
  3 endoplasms
  3 giant cockroaches
  5 goblins
  7 hobgoblins
  6 jackals (D:1)
  3 quokkas
  13 ball pythons
  5 bats
  3 frilled lizards
  6 kobolds
  2 rats
71 creatures vanquished.

Vanquished Creatures (others)
  6 fungi (D:3)
  9 plants (D:3)
15 creatures vanquished.

Grand Total: 86 creatures vanquished

Notes
Turn   | Place    | Note
-------+----------+-------------------------------------------
     0 | D:1      | fluff the Gargoyle Fighter began the quest for the Orb.
     0 | D:1      | Reached XP level 1. HP: 14/14 MP: 1/1
    94 | D:1      | Reached XP level 2. HP: 19/19 MP: 2/2
   204 | D:1      | Reached skill level 3 in Maces & Flails
   296 | D:1      | Reached XP level 3. HP: 23/23 MP: 3/3
   800 | D:2      | Found Ciolun's Weapon Emporium.
   820 | D:2      | Reached skill level 4 in Maces & Flails
   820 | D:2      | Reached XP level 4. HP: 28/28 MP: 4/4
   894 | D:2      | Identified the +4 short sword of Circular Logic {flame, rC+
                  | Int+4 Stlth+}
  1033 | D:2      | Found Jepsutem's Antique Weapon Emporium.
  1430 | D:2      | Found Xatiec's Distillery.
  1881 | D:2      | Reached skill level 5 in Maces & Flails
  1881 | D:2      | Reached XP level 5. HP: 12/32 MP: 5/5
  2396 | D:3      | Found a faded altar of an unknown god.
  2489 | D:3      | Found a blossoming altar of Fedhas.
  2508 | D:3      | Noticed an oklob plant
  3009 | D:4      | Noticed an ogre
  3021 | D:3      | Slain by an ogre

Illustrated notes

Levels and vault maps discovered:
D:1:      amcnicky_arrival_underground_garden, layout_basic
D:2:      layout_loops_ring, serial_shops, shop, nicolae_shop_statue_plus, shop
D:3:      layout_rooms, tgw_fedhas, nicolae_ecumenical_snake_handling,
          saegor_snake_ambush
D:4:      dreamdust_elfheim, layout_cave_pools, minmay_temple_entry_tees,
          minmay_shop_mayhem, minmay_liquid_box

Skill      XL: |  1  2  3  4 |
---------------+-------------+-----
Maces & Flails | 3 4 5 |  5.9
Fighting       | |  3.2
Armour         | |  3.2
Shields        | |  3.2

Action                   |  1- 3 |  4- 6 || total
-------------------------+-------+-------++-------
Melee: Flail             |    83 |   150 ||   233
  Use: Scroll            |     1 |     1 ||     2
       Potion            |       |     1 ||     1
Armor: Scale mail        |    44 |    21 ||    65
       Plate armour      |       |   123 ||   123
Dodge: Dodged            |    42 |    69 ||   111
Block: Buckler           |    18 |    33 ||    51
